 Dungeon Crawl Stone Soup version 0.20.0-15-g7f486f2 (console) character file.

68542 removed the Thaumaturge (level 14, -5/82 HPs)
             Began as a Deep Elf Fighter on June 11, 2017.
             Was the Champion of Kikubaaqudgha.
             Hit by a large rock thrown by a stone giant (17 damage)
             ... on level 2 of the Orcish Mines.
             The game lasted 01:26:22 (27715 turns).

removed the Thaumaturge (Deep Elf Fighter)         Turns: 27715, Time: 01:26:23

Health: -5/82      AC: 20    Str: 16    XL:     14   Next: 87%
Magic:  0/34       EV: 23    Int: 25    God:    Kikubaaqudgha [******]
Gold:   1546       SH:  0    Dex: 14    Spells: 19/41 levels left

rFire    + . .     SeeInvis .   B - +4 rapier "Dudush" {protect, Str+3}
rCold    . . .     Gourm    .   (no shield)
rNeg     . . .     Faith    +   X - +4 ring mail {rF+}
rPois    .         Spirit   +   x - +0 helmet
rElec    .         Reflect  .   l - scarf {Spirit}
rCorr    .         Harm     .   m - +1 pair of gloves
MR       +....                  A - +2 pair of boots of Ufidug {Int+6}
Stlth    ++++......             P - amulet of faith
Regen    1.3/turn               k - +4 ring of protection
MPRegen  0.3/turn               s - +6 ring of evasion

@: very slightly contaminated, regenerating
A: no striking features
a: Receive Corpses, Torment, Brand Weapon With Pain, Receive Necronomicon,
Renounce Religion


You were on level 2 of the Orcish Mines.
You worshipped Kikubaaqudgha.
Kikubaaqudgha was exalted by your worship.
You were not hungry.

You visited 4 branches of the dungeon, and saw 21 of its levels.

You collected 2512 gold pieces.
You spent 966 gold pieces at shops.

Inventory:

Hand Weapons
 a - a +3 short sword of venom
 g - a +0 blowgun
 B - the +4 rapier "Dudush" (weapon) {protect, Str+3}
   (You bought it in a shop on level 2 of the Orcish Mines)

   It protects the one who uses it against injury (+AC on strike).
   It affects your strength (+3).
 J - a +0 long sword of holy wrath
 K - a +0 lajatang
Missiles
 H - 2 throwing nets (quivered)
 Z - 5 curare-tipped needles
Armour
 l - a scarf of spirit shield (worn)
 m - a +1 pair of gloves (worn)
 r - a +3 leather armour of cold resistance
 x - a +0 helmet (worn)
 A - the +2 pair of boots of Ufidug (worn) {Int+6}
   (You found it on level 4 of the Dungeon)

   It affects your intelligence (+6).
 X - a +4 ring mail of fire resistance (worn)
Magical Staves
 b - an uncursed staff of death
Jewellery
 d - an uncursed ring of protection from cold
 k - a +4 ring of protection (left hand)
 s - a +6 ring of evasion (right hand)
 P - an amulet of faith (around neck)
 U - an uncursed ring of fire
 V - the ring of Noon {rF+ EV-3 Int+6}
   (You took it off a death knight on level 12 of the Dungeon)

   [ring of evasion]

   It affects your evasion (-3).
   It affects your intelligence (+6).
   It protects you from fire.
Wands
 t - a wand of digging (11/24)
 F - a wand of iceblast (9/15)
 G - a wand of paralysis (8/24)
 N - a wand of digging (8/24)
Scrolls
 n - 6 scrolls of identify
 o - 2 scrolls of recharging
 v - a scroll of amnesia
 z - a scroll of enchant weapon
 D - a scroll of fear
 E - a scroll of remove curse
 O - 5 scrolls of magic mapping
 Q - 4 scrolls of teleportation
 R - 3 scrolls of immolation
 W - 4 scrolls of enchant armour
Potions
 h - 6 potions of might
 q - 2 potions of agility
 w - 5 potions of curing
 C - a potion of invisibility
 I - a potion of lignification
 M - a potion of magic
 S - 5 potions of brilliance
 Y - 4 potions of mutation
Comestibles
 f - 14 bread rations
 j - 12 meat rations
 L - 4 chunks of flesh
 T - 43 fruits


   Skills:
 + Level 7.3 Fighting
 - Level 8.9(10.2) Short Blades
 - Level 7.4(9.1) Long Blades
 - Level 4.1 Armour
 - Level 11.0 Dodging
 - Level 10.0 Stealth
   Level 2.4 Shields
 - Level 14.1 Spellcasting
 - Level 10.1 Hexes
 - Level 7.3 Charms
 - Level 14.0 Necromancy


You had 19 spell levels left.
You knew the following spells:

 Your Spells              Type           Power        Failure   Level  Hunger
a - Agony                 Necr           ######..     1%          5    ##.....
c - Confuse               Hex            ######..     1%          3    None
e - Regeneration          Chrm/Necr      ######....   1%          3    None
u - Dispel Undead         Necr           ######..     1%          5    ##.....
w - Excruciating Wounds   Chrm/Necr      ######....   1%          5    ##.....
A - Apportation           Tloc           ###...       6%          1    None


Dungeon Overview and Level Annotations

Branches:
Dungeon (12/15)            Temple (1/1) D:6            Lair (6/6) D:9
 Shoals (0/4) Lair:4        Snake (0/4) Lair:3        Slime (0/5) Lair:5
    Orc (2/2) D:11            Elf (0/3) Orc:2

Altars:
Ashenzari
Cheibriados
Dithmenos
Elyvilon
Fedhas
Gozag
Hepliaklqana
Kikubaaqudgha
Makhleb
Nemelex Xobeh
Okawaru
Qazlal
Ru
Sif Muna
Trog
Uskayaw
Vehumet
Xom
Yredelemnul
Zin
The Shining One
Jiyva

Shops:
D:9 [   Orc:1 !   Orc:2 %=*(

Portals:
Hell: Lair:6
Abyss: D:9


Message History

Okay, then.
The stone giant throws a large rock.
The large rock hits you!!
* * * LOW HITPOINT WARNING * * *
You see here a large rock.
Blink to where?
Press: ? - help, Dir - move target cursor, p - stone giant You are very lightly contaminated with residual magic.
As you read the scroll of blinking, it crumbles to dust.
Casting: Confuse
Confirm with . or Enter, or press ? or * to list all spells.
You don't have enough magic to cast that spell.
As you read the scroll of teleportation, it crumbles to dust.
You feel strangely unstable.
Casting: Confuse
Confirm with . or Enter, or press ? or * to list all spells.
Your skin crawls.
Your surroundings suddenly seem different.
The stone giant throws a large rock.
The large rock hits you!!
You die...
Kikubaaqudgha rasps: "You have failed me!
Welcome... death!"

### ##.............. ###.##
#................. ####....#
#..)#............. ##.#....##
###.......#......... ##...#..>#
##.##(#...(.......... #.#.##...#
#...(#.).............
....#...#####o.C.................
#....#..##.#.....).<.............
.....#..........@.........(....#.
................#รท...............
##...........#...#)#...#.........
)###......................#......
...##.........#...........[.)..##
)...###.#.....###......[..#..###
#.....#........###.......#(...###
##....##...##.###..............#.
.......##...### ##.#..(.......#..


You could see a stone giant and an orc warrior.

Vanquished Creatures
  An orc warlord (Orc:1)
  A stone giant (Orc:2)
  Nessos (Orc:2)
  The ghost of wazuzu the Severer, a journeyman MiMo of Ashenzari (Lair:4)
  Snorg (D:12)
  Josephine (D:10)
  Erolcha (D:9)
  Fannar (Orc:1)
  A hell beast (D:9)
  2 catoblepae (Lair:5)
  An ice dragon (Lair:6)
  10 hydras
  A death knight (D:12)
  4 two-headed ogres
  Urug (D:10)
  A sun demon (Lair:6)
  3 orc high priests (Orc:2)
  Nergalle (D:10)
  A wizard (Lair:6)
  An unseen horror (D:12)
  A phantasmal warrior (D:12)
  A lindwurm (Lair:1)
  3 orc sorcerers (Orc:2)
  4 orc knights
  An elephant (Lair:5)
  2 manticores
  A cyclops (D:12)
  A merfolk siren (Lair:4)
  An ice statue (Lair:6)
  3 rust devils (D:9)
  Joseph (D:10)
  9 spiny frogs
  A smoke demon (Lair:6)
  A black mamba (Lair:3)
  2 orange demons (Lair:6)
  A freezing wraith (D:12)
  An ice devil (Lair:6)
  8 rime drakes
  8 komodo dragons
  3 red devils (Lair:6)
  5 trolls
  2 polar bears
  10 blink frogs
  8 hippogriffs
  A shadow (D:9)
  A basilisk (Lair:6)
  5 wraiths
  22 yaks
  Sigmund (D:4)
  3 wyverns
  A hungry ghost (D:7)
  3 vampire mosquitoes (D:12)
  5 nagas (Lair:3)
  Menkaure (D:6)
  2 wargs (Orc:1)
  22 water moccasins
  4 hell hounds (Lair:6)
  Duvessa (D:7)
  16 porcupines
  21 orc warriors
  3 sky beasts
  3 necrophages
  11 ice beasts
  4 ogres
  46 wolves
  17 crocodiles
  5 centaurs
  Blork the orc (D:6)
  2 big kobolds
  A gnoll sergeant (D:11)
  20 bullfrogs
  3 scorpions
  19 killer bees
  2 jellies (D:10)
  2 bullfrog zombies
  7 crimson imps
  19 orc priests
  13 orc wizards
  2 bullfrog skeletons
  4 hounds
  8 iron imps (D:9)
  An iguana (D:5)
  7 hell rats (Lair:1)
  9 worker ants
  A hound zombie (D:7)
  A hound skeleton (D:9)
  A worker ant zombie (D:6)
  8 gnolls
  A howler monkey skeleton (D:6)
  2 river rats (Lair:1)
  15 adders
  4 shadow imps
  2 white imps
  An ooze (D:2)
  2 adder skeletons (D:8)
  An adder zombie (D:8)
  2 worms
  3 dart slugs
  A leopard gecko (D:2)
  61 orcs
  3 giant cockroaches
  9 goblins
  10 hobgoblins
  8 jackals
  2 quokkas
  A ball python (D:1)
  10 bats
  3 frilled lizards
  11 kobolds
  A leopard gecko skeleton (D:7)
  A leopard gecko zombie (D:7)
  3 quokka skeletons
  A quokka zombie (D:5)
  6 rats
606 creatures vanquished.

Vanquished Creatures (collateral kills)
  A killer bee (D:11)
1 creature vanquished.

Vanquished Creatures (others)
  Dowan (D:7)
  2 killer bees (D:10)
  An orc priest (Orc:2)
  2 orcs
  A kobold (D:9)
  A bush (Lair:4)
  6 fungi
  3 plants (Lair:4)
17 creatures vanquished.

Grand Total: 624 creatures vanquished

Notes
Turn   | Place    | Note
-------+----------+-------------------------------------------
     0 | D:1      | removed the Deep Elf Fighter began the quest for the Orb.
     0 | D:1      | Reached XP level 1. HP: 13/13 MP: 3/3
   342 | D:1      | Reached XP level 2. HP: 17/18 MP: 4/4
  1171 | D:2      | Found a faded altar of an unknown god.
  1251 | D:2      | Reached XP level 3. HP: 22/22 MP: 5/5
  1951 | D:2      | Reached XP level 4. HP: 27/27 MP: 6/6
  2078 | D:3      | Found an opulent altar of Gozag.
  2394 | D:3      | Reached XP level 5. HP: 17/31 MP: 1/7
  2622 | D:3      | Reached skill level 5 in Long Blades
  2892 | D:3      | Noticed a hippogriff
  3269 | D:4      | Noticed a hippogriff
  3830 | D:4      | Got a pair of smoking boots
  3836 | D:4      | Identified the +2 pair of boots of Ufidug {Int+6} (You found it on level 4 of the Dungeon)
  3948 | D:4      | Noticed Sigmund
  3973 | D:4      | Killed a hippogriff
  3973 | D:4      | Reached XP level 6. HP: 26/36 MP: 4/8
  3982 | D:4      | Killed Sigmund
  3982 | D:4      | Reached XP level 7. HP: 18/40 MP: 2/9
  4626 | D:5      | Entered Level 5 of the Dungeon
  4650 | D:5      | Got a jewelled quarterstaff
  4656 | D:5      | Identified the cursed +0 quarterstaff of the Wilderness {crush, rF+} (You found it on level 5 of the Dungeon)
  5373 | D:5      | Learned a level 3 spell: Confuse
  5440 | D:5      | Reached skill level 1 in Hexes
  5805 | D:6      | Found a staircase to the Ecumenical Temple.
  5817 | D:6      | Reached XP level 8. HP: 39/45 MP: 14/17
  5826 | Temple   | Entered the Ecumenical Temple
  5915 | Temple   | Became a worshipper of Kikubaaqudgha
  5945 | D:6      | Reached skill level 5 in Spellcasting
  5952 | D:6      | Found a sacrificial altar of Ru.
  6010 | D:6      | Noticed Blork the orc
  6134 | D:6      | Noticed Menkaure
  6139 | D:6      | Killed Menkaure
  6139 | D:6      | Reached skill level 5 in Hexes
  6302 | D:6      | Killed Blork the orc
  6804 | D:7      | Reached * piety under Kikubaaqudgha
  6804 | D:7      | Identified Kikubaaqudgha's Papyrus of Stolen Souls (Kikubaaqudgha gifted it to you on level 7 of the Dungeon)
  6804 | D:7      | Received a gift from Kikubaaqudgha
  6812 | D:7      | Learned a level 3 spell: Regeneration
  6948 | D:7      | Noticed Dowan
  6949 | D:7      | Noticed Duvessa
  7268 | D:7      | Killed Dowan
  7276 | D:7      | Killed Duvessa
  7276 | D:7      | Reached XP level 9. HP: 35/49 MP: 2/21
  7406 | D:7      | Reached skill level 5 in Dodging
  7682 | D:7      | Reached skill level 1 in Charms
  7682 | D:7      | Reached skill level 1 in Necromancy
  8138 | D:8      | Got a smoking war axe
  8139 | D:8      | Identified the +2 war axe "Xeex" {venom, *Rage rPois rF+++ MR-} (You found it on level 8 of the Dungeon)
  8172 | D:8      | You fall through a shaft!
  8177 | D:9      | Noticed a two-headed ogre
  8201 | D:9      | Killed a two-headed ogre
  8201 | D:9      | Reached skill level 5 in Necromancy
  8627 | D:8      | Reached ** piety under Kikubaaqudgha
  8843 | D:8      | Reached XP level 10. HP: 26/56 MP: 6/23
  9115 | D:8      | Noticed a two-headed ogre
  9142 | D:8      | Killed a two-headed ogre
  9249 | D:9      | Noticed Erolcha
  9430 | D:9      | Paralysed by Erolcha for 2 turns
  9463 | D:9      | Paralysed by Erolcha for 6 turns
  9468 | D:9      | Killed Erolcha
  9468 | D:9      | Reached skill level 10 in Spellcasting
  9571 | D:9      | Found a staircase to the Lair.
  9834 | D:9      | Found Desoatoj's Armour Shop.
 10075 | D:9      | Noticed a two-headed ogre
 10102 | D:9      | Killed a two-headed ogre
 10229 | D:9      | Reached *** piety under Kikubaaqudgha
 10229 | D:9      | Identified Kikubaaqudgha's Almanac of Necromancy (Kikubaaqudgha gifted it to you on level 9 of the Dungeon)
 10229 | D:9      | Received a gift from Kikubaaqudgha
 10239 | D:9      | Learned a level 5 spell: Agony
 10245 | D:9      | Learned a level 5 spell: Dispel Undead
 10251 | D:9      | Learned a level 5 spell: Excruciating Wounds
 10304 | D:9      | Noticed a rust devil
 10305 | D:9      | Noticed a rust devil
 10305 | D:9      | Found a one-way gate to the infinite horrors of the Abyss.
 10305 | D:9      | Noticed a hell beast
 10306 | D:9      | Noticed a rust devil
 10653 | D:9      | Killed a rust devil
 10653 | D:9      | Reached XP level 11. HP: 59/59 MP: 23/27
 10707 | D:9      | Killed a hell beast
 10904 | D:9      | Reached skill level 10 in Necromancy
 10956 | D:10     | Entered Level 10 of the Dungeon
 11070 | D:10     | Noticed Joseph
 11094 | D:10     | Killed Joseph
 11108 | D:10     | Noticed Urug
 11131 | D:10     | Killed Urug
 11185 | D:10     | Noticed Nergalle
 11212 | D:10     | Killed Nergalle
 11234 | D:10     | Noticed Josephine
 11440 | D:10     | Killed Josephine
 11887 | D:10     | Reached **** piety under Kikubaaqudgha
 12107 | D:11     | Noticed a two-headed ogre
 12133 | D:11     | Killed a two-headed ogre
 12148 | D:11     | Noticed Snorg
 12426 | D:11     | Found a staircase to the Orcish Mines.
 12781 | D:11     | Noticed a four-headed hydra
 12806 | D:11     | Killed a four-headed hydra
 13083 | D:11     | Reached XP level 12. HP: 66/66 MP: 12/28
 13693 | Lair:1   | Entered Level 1 of the Lair of Beasts
 13916 | Lair:1   | Reached ***** piety under Kikubaaqudgha
 14083 | Lair:1   | Reached skill level 5 in Fighting
 14277 | Lair:1   | Reached skill level 1 in Short Blades
 14359 | Lair:1   | Noticed a five-headed hydra
 14369 | Lair:1   | Killed a five-headed hydra
 15084 | D:9      | Bought a +4 ring mail of fire resistance for 372 gold pieces
 15095 | D:9      | Bought a +3 leather armour of cold resistance for 288 gold pieces
 15273 | Lair:1   | Reached skill level 5 in Short Blades
 16356 | Lair:2   | Noticed an eight-headed hydra
 16370 | Lair:2   | Killed an eight-headed hydra
 16753 | Lair:3   | Learned a level 1 spell: Apportation
 16829 | Lair:3   | Found an opulent altar of Gozag.
 17064 | Lair:3   | Found a staircase to the Snake Pit.
 17115 | Lair:3   | Reached XP level 13. HP: 66/71 MP: 4/30
 17739 | Lair:4   | Noticed wazuzu's ghost (journeyman MiMo)
 17745 | Lair:4   | Killed wazuzu's ghost
 17972 | Lair:4   | Reached ****** piety under Kikubaaqudgha
 18850 | Lair:4   | Found a staircase to the Shoals.
 19777 | Lair:5   | Found a viscous altar of Jiyva.
 19777 | Lair:5   | Found a staircase to the Slime Pits.
 20633 | Lair:6   | Entered Level 6 of the Lair of Beasts
 21614 | Lair:5   | Reached skill level 10 in Dodging
 22330 | Lair:6   | Reached XP level 14. HP: 79/79 MP: 29/32
 22894 | Lair:6   | Reached skill level 10 in Hexes
 23760 | Lair:6   | Found a burning altar of Makhleb.
 23766 | Lair:6   | Found a gateway to Hell.
 24324 | Lair:6   | Got a jewelled halberd
 24716 | D:12     | Killed Snorg
 24922 | D:12     | Found a burning altar of Makhleb.
 24922 | D:12     | Noticed a balrug
 24989 | D:12     | Got a steaming brass ring
 24991 | D:12     | Identified the cursed ring of Noon {rF+ EV-3 Int+6} (You took it off a death knight on level 12 of the Dungeon)
 25473 | Orc:1    | Entered Level 1 of the Orcish Mines
 25473 | Orc:1    | Found Dumel's Distillery.
 25503 | Orc:1    | Noticed Fannar
 25517 | Orc:1    | Killed Fannar
 25580 | Orc:1    | Noticed an orc warlord
 25967 | Orc:1    | Killed an orc warlord
 26004 | Orc:1    | Reached skill level 10 in Stealth
 26322 | Orc:2    | Entered Level 2 of the Orcish Mines
 26335 | Orc:2    | Noticed Nessos
 26483 | Orc:2    | Noticed a stone giant
 26614 | Orc:2    | Killed Nessos
 27332 | Orc:2    | Found Liaph's Food Shoppe.
 27332 | Orc:2    | Found Laes's Antique Weapon Boutique.
 27335 | Orc:2    | Found Liyjuj's Jewellery Shoppe.
 27335 | Orc:2    | Found Gidaomui's Assorted Antiques.
 27427 | Orc:2    | Bought a pitted rapier for 306 gold pieces
 27427 | Orc:2    | Identified the +4 rapier "Dudush" {protect, Str+3} (You bought it in a shop on level 2 of the Orcish Mines)
 27602 | Orc:2    | Killed a stone giant
 27653 | Orc:2    | Found a staircase to the Elven Halls.
 27701 | Orc:2    | Noticed a stone giant
 27715 | Orc:2    | Hit by a large rock thrown by a stone giant

Skill      XL: |  1  2  3  4  5  6  7  8  9 10 11 12 13 14 |
---------------+-------------------------------------------+-----
Long Blades    | 2 3 4 6 7 |  7.4
Spellcasting   | 4 7 10 11 12 14 | 14.1
Hexes          | 3 6 7 8 9 10 | 10.1
Dodging        | 4 5 7 9 10 11 | 11.0
Fighting       | 3 4 5 6 7 |  7.3
Charms         | 6 7 |  7.3
Necromancy     | 7 9 11 12 14 | 14.0
Stealth        | 6 10 | 10.0
Short Blades   | 8 |  8.9
Armour         | 4 |  4.1
Shields        | |  2.4

Action                   |  1- 3 |  4- 6 |  7- 9 | 10-12 | 13-15 || total
-------------------------+-------+-------+-------+-------+-------++-------
Melee: Long sword        |   125 |   160 |   292 |    38 |    20 ||   635
       Quarterstaff      |       |       |    39 |       |       ||    39
       Short sword       |       |       |   146 |   821 |  1228 ||  2195
       Rapier            |       |       |       |       |    30 ||    30
 Fire: Blowgun           |       |       |       |     4 |     2 ||     6
 Cast: Confuse           |       |       |    47 |   151 |   144 ||   342
       Regeneration      |       |       |     2 |    22 |    44 ||    68
       Dispel Undead     |       |       |       |     6 |     9 ||    15
       Excruciating Woun |       |       |       |    26 |    67 ||    93
       Agony             |       |       |       |       |    23 ||    23
Evoke: Wand              |       |       |       |     7 |       ||     7
  Use: Potion            |       |     5 |     1 |       |     2 ||     8
       Scroll            |       |       |    12 |     8 |     9 ||    29
 Stab: Confused          |       |       |    23 |    64 |    75 ||   162
       Distracted        |       |       |       |     2 |     1 ||     3
       Sleeping          |       |       |       |     6 |     3 ||     9
  Eat: Chunk             |     3 |     7 |    12 |    29 |    28 ||    79
       Bread ration      |       |       |     1 |     1 |     2 ||     4
       Royal jelly       |       |       |       |       |     4 ||     4
Armor: Scale mail        |    60 |       |       |       |       ||    60
       Chain mail        |     4 |   110 |   139 |       |       ||   253
       Leather armour    |       |       |    82 |   145 |    56 ||   283
       Ring mail         |       |       |       |    36 |   227 ||   263
Dodge: Dodged            |    36 |    25 |   225 |   505 |  1083 ||  1874
Block: Shield            |    56 |    75 |    12 |       |       ||   143
       Rpst.: Long sword |    12 |     5 |    42 |     8 |     4 ||    71
